 Dungeon Crawl Stone Soup version 0.27-a0-1591-gc56fcc985a (webtiles) character file.

Game seed: 15184855990950404073

716 DocSulfur the Ruffian (level 7, -5/57 (62) HPs)
             Began as a Troll Hunter on July 19, 2021.
             Was a Follower of Okawaru.
             Slain by a wight (12 damage)
             ... on level 5 of the Dungeon.
             The game lasted 00:09:15 (3595 turns).

DocSulfur the Ruffian (Troll Hunter)                Turns: 3595, Time: 00:09:15

HP:   -5/57 (62)    AC:  5    Str: 23    XL:     7   Next: 41%
MP:   8/8           EV:  9    Int:  7    God:    Okawaru [*.....]
Gold: 168           SH:  0    Dex: 10    Spells: 6/6 levels left

rFire    . . .     SeeInvis .     - Unarmed
rCold    . . .     Faith    .   (no shield)
rNeg     . . .     Spirit   .   m - +0 robe
rPois    .         Reflect  .   (helmet restricted)
rElec    .         Harm     .   j - +0 cloak
rCorr    .         Rampage  .   (gloves unavailable)
Will     .....                  (boots unavailable)
Stlth    +.........             (no amulet)
HPRegen  1.19/turn              (no ring)
MPRegen  0.11/turn              (no ring)

@: hasted, drained, very quick
A: large, unfitting armour, claws 3, regeneration 1, shaggy fur 1, tough skin 1
a: Renounce Religion, Heroism


You were on level 5 of the Dungeon.
You worshipped Okawaru.
Okawaru was aware of your devotion.
You visited 2 branches of the dungeon, and saw 6 of its levels.

You collected 168 gold pieces.

Inventory:

Hand Weapons
 a - a +0 short sword
Missiles
 c - 10 large rocks (quivered)
 d - 2 throwing nets
 g - 5 atropa-tipped darts
 i - 7 datura-tipped darts
Armour
 j - a +0 cloak (worn)
 m - a +0 robe (worn)
Jewellery
 o - a +6 ring of intelligence
 s - a ring of protection from fire
 t - an amulet of the acrobat
Scrolls
 h - 2 scrolls of noise {unknown}
 l - 2 scrolls of fear {unknown}
 p - a scroll of fog {unknown}
 q - 2 scrolls of amnesia {unknown}
 r - 2 scrolls of identify {unknown}
 u - a scroll of silence {unknown}
 v - a scroll of immolation {unknown}
 w - a scroll of blinking {unknown}
Potions
 b - a potion of cancellation {unknown}
 e - 2 potions of flight {unknown}
 f - a potion of curing {unknown}
 k - a potion of lignification {unknown}
 x - a potion of attraction {unknown}


   Skills:
 - Level 1.5 Fighting
 - Level 3.6 Throwing
 - Level 1.5 Dodging
 - Level 0.3 Stealth
 * Level 6.9 Unarmed Combat
 * Level 3.6 Invocations


You had 6 spell levels left.
You didn't know any spells.
Your spell library contained the following spells:

 Spells                   Type           Power      Damage    Failure   Level
 Animate Armour           Summ/Erth      0%         N/A       99%         4
 Blade Hands              Tmut           0%         N/A       100%        5
 Iron Shot                Conj/Erth      0%         9d1       100%        6


Dungeon Overview and Level Annotations

Branches:
Dungeon (5/15)             Temple (1/1) D:4

Altars:
Cheibriados
Dithmenos
Elyvilon
Fedhas
Gozag
Hepliaklqana
Kikubaaqudgha
Makhleb
Nemelex Xobeh
Okawaru
Qazlal
Ru
Sif Muna
Trog
Uskayaw
Vehumet
Wu Jian
Xom
Yredelemnul
Zin
The Shining One

Shops:
D:1 :   D:3 [


Innate Abilities, Weirdness & Mutations

You are too large for most types of armour.
You have claws for hands.
Your natural rate of healing is unusually fast.
You are covered in fur. (AC +1)
You have tough skin. (AC +1)


Message History

A wight comes into view. It is wielding a +2 dire flail.
You scratch the wight but do no damage. The wight hits you with a +0 scimitar.
You claw the wight!
The wight is severely damaged.
The wight hits you with a +0 scimitar.
You scratch the wight.
The wight is moderately damaged.
The wight completely misses you. The wight hits you but does no damage.
You scratch the wight.
The wight is heavily damaged.
The wight hits you but does no damage. The wight hits you with a +0 flail.
You feel drained.
You scratch the wight but do no damage.
The wight is heavily damaged.
The wight closely misses you. The wight closely misses you.
The wight hits you with a +2 dire flail!
You feel drained. The wight hits you with a +0 flail.
You closely miss the wight.
The wight is severely damaged.
The wight hits you with a +0 scimitar! The wight barely misses you.
The wight closely misses you.
You closely miss the wight.
The wight is severely damaged.
The wight barely misses you. The wight hits you with a +0 scimitar!
You feel drained.
You closely miss the wight. The wight closely misses you.
The wight hits you with a +0 scimitar! The wight hits you with a +0 flail.
* * * LOW HITPOINT WARNING * * *
The wight hits you with a +2 dire flail!
* * * LOW HITPOINT WARNING * * *
You feel drained.
* * * LOW HITPOINT WARNING * * *
The wight barely misses you.
You see here the +3 plate armour "Pekudiso" {rPois}.
The wight hits you with a +0 scimitar.
* * * LOW HITPOINT WARNING * * *
The gnoll shouts!
You feel yourself speed up. The wight hits you with a +0 flail!
You die...

####### #.....#
#.....# #.....#
#.....###############
#.....z.z......^.....
#....z#.[............
#....@###############
#.............#
#.........###.
#.......g..#
#..........#
#..........#
#..........#
#..........#..
##....<......#


You could see 2 wights and a gnoll.

Vanquished Creatures
  A water moccasin (D:4)
  A sky beast (D:4)
  A necrophage (D:4)
  2 ogres
  An orc priest (D:4)
  2 iguanas (D:4)
  An orc wizard (D:4)
  Robin (D:2)
  A gnoll (D:4)
  4 adders
  A shadow imp (D:3)
  An ufetubus (D:5)
  2 worms
  3 dart slugs
  6 orcs
  4 ball pythons
  4 bats
  4 endoplasms
  3 giant cockroaches
  6 goblins
  9 hobgoblins
  8 jackals
  8 kobolds
  A frilled lizard (D:1)
  7 rats
82 creatures vanquished.

Notes
Turn   | Place    | Note
-------+----------+-------------------------------------------
     0 | D:1      | DocSulfur the Troll Hunter began the quest for the Orb.
     0 | D:1      | Reached XP level 1. HP: 19/19 MP: 0/0
   107 | D:1      | Reached skill level 1 in Unarmed Combat
   148 | D:1      | Reached XP level 2. HP: 27/27 MP: 1/1
   242 | D:1      | Reached skill level 2 in Unarmed Combat
   337 | D:1      | Found Nasothri's Book Shoppe.
   718 | D:1      | Found a faded altar of an unknown god.
  1059 | D:2      | Noticed Robin
  1077 | D:2      | Reached XP level 3. HP: 33/33 MP: 2/2
  1083 | D:2      | Killed Robin
  1084 | D:2      | Reached skill level 3 in Unarmed Combat
  1399 | D:2      | Reached XP level 4. HP: 37/41 MP: 3/3
  1645 | D:3      | Noticed an ogre
  1698 | D:3      | Reached skill level 4 in Unarmed Combat
  1841 | D:3      | Killed an ogre
  1842 | D:3      | Reached skill level 5 in Unarmed Combat
  1842 | D:3      | Reached XP level 5. HP: 47/48 MP: 4/4
  2010 | D:3      | Found Mymunu's Antique Armour Shop.
  2631 | D:4      | Found a staircase to the Ecumenical Temple.
  2658 | Temple   | Entered the Ecumenical Temple
  2772 | Temple   | Became a worshipper of Warmaster Okawaru
  2867 | D:4      | Reached skill level 1 in Invocations
  3031 | D:4      | Noticed a sky beast
  3056 | D:4      | Killed a sky beast
  3057 | D:4      | Reached XP level 6. HP: 53/55 MP: 4/6
  3327 | D:4      | Reached * piety under Okawaru
  3328 | D:4      | Reached skill level 6 in Unarmed Combat
  3366 | D:4      | Reached XP level 7. HP: 62/62 MP: 8/8
  3502 | D:5      | Entered Level 5 of the Dungeon
  3569 | D:5      | Identified the +3 plate armour "Pekudiso" {rPois}
  3588 | D:5      | HP: 2/57 [wight (4)]
  3595 | D:5      | Slain by a wight

Illustrated notes

Levels and vault maps discovered:
D:1:      dpeg_arrival_brainrot, layout_loops_ring,
          chequers_ecumenical_altar_island, serial_shops, shop,
          minmay_octomino_c4
D:2:      layout_loops_ring, skrybe_limestone_x, uniq_robin
D:3:      layout_basic, serial_shops, shop
D:4:      layout_rooms, minmay_temple_entry_large_hall, roderic_lattice_a
D:5:      layout_rooms, uniq_sigmund
Temple:   kilobyte_greek_temple

Skill      XL: |  1  2  3  4  5  6  7 |
---------------+----------------------+-----
Unarmed Combat | 1 2 3 5 6 |  6.9
Invocations    | 1 2 3 |  3.6
Fighting       | |  1.5
Throwing       | |  3.6
Dodging        | |  1.5
Stealth        | |  0.3

Action                   |  1- 3 |  4- 6 |  7- 9 || total
-------------------------+-------+-------+-------++-------
Melee: Unarmed           |   113 |   125 |    34 ||   272
       Punch             |     1 |     1 |       ||     2
Invok: Heroism           |       |       |     1 ||     1
  Use: Potion            |       |       |     1 ||     1
 Stab: Sleeping          |     1 |       |       ||     1
Armor: Robe              |    43 |    31 |     8 ||    82
Dodge: Dodged            |    35 |    58 |    20 ||   113

Table legend: (Time is in decaauts)
 A = Elapsed time spent in this place.
 B = Non-inter-level travel time spent in this place.
 C = Inter-level travel time spent in this place.
 D = Time resting spent in this place.
 E = Time spent auto-exploring this place.
 F = Levels seen in this place.
 G = Mean time per level.
                   A        B        C        D        E       F      G
               +--------+--------+--------+--------+--------+-----+--------+
         Total |   3579 |   3447 |    132 |      0 |   2018 |   6 |  596.5 |
       Dungeon |   3416 |   3284 |    132 |      0 |   1920 |   5 |  683.2 |
        Temple |    162 |    162 |      0 |      0 |     98 |   1 |  162.0 |
               +--------+--------+--------+--------+--------+-----+--------+

Top non-repeatable levels by time:
     D:1: 922 daAuts
     D:3: 919 daAuts
     D:4: 776 daAuts
     D:2: 727 daAuts
  Temple: 162 daAuts
     D:5: 70 daAuts
